 Dungeon Crawl Stone Soup version 0.31-a0-180-g519b7de00c (webtiles) character file.

Game seed: 5923059866270547159

1108 qw the Skirmisher (level 8, -7/74 HPs)
             Began as a Naga Hunter on June 19, 2023.
             Killed from afar by an electric eel (11 damage)
             ... with a bolt of electricity
             ... on level 6 of the Dungeon.
             The game lasted 00:01:42 (4554 turns).

qw the Skirmisher (Naga Hunter)                     Turns: 4554, Time: 00:01:43

Health: -7/74      AC:  6    Str: 15    XL:     8   Next: 33%
Magic:  8/8        EV: 10    Int:  9    God:
Gold:   457        SH:  5    Dex: 16    Spells: 7/7 levels left

rFire   . . .        Y - +0 shortbow (drain)
rCold   . . .        (shield currently unavailable)
rNeg    . . .        i - +2 leather armour {rPois}
rPois   +            (no helmet)
rElec   .            (no cloak)
rCorr   .            (no gloves)
SInv    +            (no barding)
Will    +....        g - amulet of reflection
Stlth   ++           (no ring)
HPRegen 0.32/turn    (no ring)
MPRegen 0.11/turn

%: reflection
@: short of breath, very slow
A: AC +2, large, see invisible, deformed body, poison resistance, slowness 2,
spit poison 1, naga tail 1
a: Spit Poison


You were on level 6 of the Dungeon.
You visited 1 branch of the dungeon, and saw 6 of its levels.

You collected 457 gold pieces.


Innate Abilities, Weirdness & Mutations

Your serpentine skin is tough. (AC +2)
You have supernaturally acute eyesight. (SInv)
Armour fits poorly on your strangely shaped body.
Your system is resistant to poisons. (rPois)
You cover ground very slowly.
You can spit poison.
You have a snake-like lower body.


   Skills:
 - Level 5.1 Fighting
 + Level 8.0 Ranged Weapons
 - Level 2.7 Dodging
 - Level 1.5 Stealth


You had 7 spell levels left.
You didn't know any spells.
Your spell library was empty.

Inventory:

Hand Weapons
 Y - a +0 shortbow of draining (weapon)
Armour
 e - a +0 helmet
 i - a +2 leather armour of poison resistance (worn)
Jewellery
 g - an amulet of reflection (around neck)
 l - a ring of fire
Scrolls
 a - 2 scrolls of identify
Potions
 b - 2 potions of might
 c - a potion of mutation {unknown}
 d - a potion of degeneration {unknown}
 h - a potion of curing
 k - a potion of enlightenment
 n - a potion of resistance {unknown}

Dungeon Overview and Level Annotations

Branches:
Dungeon (6/15)
 Temple: D:4-7

Altars:
Ashenzari
Fedhas

Annotations:
D:4 2 runed translucent doors


Message History

4545 ||| INVOKING Spit Poison.
Aiming: Spit Poison (1% risk of failure)
Press: ? - help, Shift-Dir - straight line, f/p - Pikel The splash of poison misses Pikel.
Pikel hits you but does no damage. The lemure barely misses you.
You shoot an arrow. The arrow misses Pikel.
Pikel hits you but does no damage. The lemure hits you but does no damage.
You shoot an arrow. The arrow closely misses Pikel.
You have got your breath back.
Pikel closely misses you. The lemure hits you but does no damage.
4548 ||| INVOKING Spit Poison.
Aiming: Spit Poison (1% risk of failure)
Press: ? - help, Shift-Dir - straight line, f/p - Pikel The splash of poison hits Pikel!
Pikel is poisoned.
Pikel is severely wounded.
Pikel hits you with a +0 whip of freezing.
Pikel freezes you. You block the lemure's attack.
You shoot an arrow. The arrow barely misses Pikel.
You block Pikel's attack. The lemure closely misses you.
You shoot an arrow. The arrow barely misses Pikel.
You have got your breath back.
Pikel hits you with a +0 whip of freezing.
Pikel freezes you. The lemure closely misses you.
4551 ||| INVOKING Spit Poison.
Aiming: Spit Poison (1% risk of failure)
Press: ? - help, Shift-Dir - straight line, f/p - Pikel The splash of poison hits Pikel.
Pikel looks even sicker.
Pikel is almost dead.
Pikel closely misses you. The lemure hits you.
You shoot an arrow. The arrow closely misses Pikel.
Pikel closely misses you. The lemure completely misses you.
You shoot an arrow. The arrow closely misses Pikel.
Pikel barely misses you. You block the lemure's attack.
You shoot an arrow. The arrow hits Pikel.
You drain Pikel.
You kill Pikel!
With Pikel's spell broken, his former minion thanks you for its freedom.
The lemure departs this earthly plane.
The electric eel shoots out a bolt of lightning at you!
The bolt of electricity hits you!
You die...

##~~ #.. ~~# ##~~# #.#
~~#######~~## #.#
~~~~S~~~~..# #.#
..#...###.### #.. .#.#
#...# ###
'.#####.#.########
#.#.....#.........
###'##@#.##############
#...o)o..# #.#.#.####
#5#.#o#### #.#.#....#
#.#.####.# #.#.# #.#
#.#.####.# #.#......#


You could see an electric eel and 3 orcs.

Vanquished Creatures
  Pikel (D:6)
  A water moccasin (D:5)
  An ice beast (D:6)
  An orc warrior (D:5)
  An ogre (D:6)
  3 lemures (D:6)
  A phantom (D:4)
  A kobold brigand (D:4)
  A bullfrog (D:6)
  2 howler monkeys
  An electric eel (D:6)
  A hound (D:6)
  2 jellies
  2 iguanas
  Ijyb (D:3)
  2 orc wizards
  4 adders
  10 gnolls
  A dart slug (D:2)
  13 orcs
  6 ball pythons
  A bat (D:3)
  6 endoplasms
  3 giant cockroaches
  2 goblins
  6 hobgoblins
  5 frilled lizards
  5 kobolds
  3 rats
87 creatures vanquished.

Notes
Turn   | Place    | Note
-------+----------+-------------------------------------------
     0 | D:1      | qw the Naga Hunter began the quest for the Orb.
     0 | D:1      | Reached XP level 1. HP: 19/19 MP: 1/1
     0 | D:1      | 0 ||| qw: Version: 0.3-a-7-ge0c9b40
     0 | D:1      | 0 ||| qw: Game counter: 1102
     0 | D:1      | 0 ||| qw: Always use a shield: true
     0 | D:1      | 0 ||| qw: God list: Okawaru
     0 | D:1      | 0 ||| qw: Allow faded altars: false
     0 | D:1      | 0 ||| qw: Do Orc after D:15 true
     0 | D:1      | 0 ||| qw: Do second Lair branch before Depths: true
     0 | D:1      | 0 ||| qw: Lair rune preference: random
     0 | D:1      | 0 ||| qw: Plans: Normal
     0 | D:1      | 0 ||| PLANNING D:1-11
    11 | D:1      | 11 ||| INVOKING Spit Poison.
    17 | D:1      | 17 ||| INVOKING Spit Poison.
   164 | D:1      | 164 ||| INVOKING Spit Poison.
   165 | D:1      | Reached skill level 4 in Ranged Weapons
   165 | D:1      | Reached XP level 2. HP: 26/26 MP: 2/2
   194 | D:1      | 194 ||| INVOKING Spit Poison.
   318 | D:1      | 318 ||| INVOKING Spit Poison.
   323 | D:1      | 323 ||| INVOKING Spit Poison.
   394 | D:1      | 394 ||| INVOKING Spit Poison.
   399 | D:1      | 399 ||| INVOKING Spit Poison.
   422 | D:1      | 422 ||| INVOKING Spit Poison.
   438 | D:1      | 438 ||| INVOKING Spit Poison.
   450 | D:1      | 450 ||| INVOKING Spit Poison.
   497 | D:1      | 497 ||| READING 5 scrolls labelled RIROLEURAH.
   498 | D:1      | 498 ||| READING 2 scrolls labelled APLAAS QIAFE.
   501 | D:1      | 501 ||| READING 4 scrolls of identify.
   501 | D:1      | 501 ||| IDENTIFYING red potion
   502 | D:1      | 502 ||| READING 3 scrolls of identify.
   502 | D:1      | 502 ||| IDENTIFYING coppery potion
   503 | D:1      | 503 ||| READING 2 scrolls of identify.
   503 | D:1      | 503 ||| IDENTIFYING fizzy green potion
   504 | D:1      | 504 ||| DROPPING scroll of butterflies.
   505 | D:1      | 505 ||| DROPPING potion of invisibility.
   531 | D:2      | 531 ||| INVOKING Spit Poison.
   572 | D:2      | Reached XP level 3. HP: 32/32 MP: 3/3
   784 | D:2      | Found a broken altar of Ashenzari.
   899 | D:2      | 899 ||| INVOKING Spit Poison.
  1110 | D:2      | 1110 ||| READING scroll labelled HAGOISE KISE.
  1111 | D:2      | 1111 ||| READING scroll labelled VIGUWU KIEWOSA.
  1112 | D:2      | 1112 ||| READING scroll labelled OLIKHLA RIFEDESU.
  1113 | D:2      | 1113 ||| DRINKING 2 fizzy white potions.
  1167 | D:3      | 1167 ||| INVOKING Spit Poison.
  1170 | D:3      | 1170 ||| INVOKING Spit Poison.
  1171 | D:3      | 1171 ||| INVOKING Spit Poison.
  1205 | D:3      | 1205 ||| INVOKING Spit Poison.
  1209 | D:3      | Reached skill level 5 in Ranged Weapons
  1209 | D:3      | Reached XP level 4. HP: 39/39 MP: 4/4
  1209 | D:3      | 1209 ||| INVOKING Spit Poison.
  1214 | D:3      | 1214 ||| INVOKING Spit Poison.
  1263 | D:3      | 1263 ||| INVOKING Spit Poison.
  1273 | D:3      | Found a faded altar of an unknown god.
  1281 | D:3      | Noticed Ijyb
  1282 | D:3      | 1282 ||| INVOKING Spit Poison.
  1286 | D:3      | 1286 ||| INVOKING Spit Poison.
  1291 | D:3      | 1291 ||| INVOKING Spit Poison.
  1291 | D:3      | HP: 8/40 [Ijyb/+0 dagger (3)]
  1292 | D:3      | 1292 ||| READING scroll of teleportation.
  1293 | D:3      | 1293 ||| DRINKING potion of heal wounds.
  1294 | D:3      | 1294 ||| INVOKING Spit Poison.
  1300 | D:3      | 1300 ||| INVOKING Spit Poison.
  1392 | D:3      | 1392 ||| INVOKING Spit Poison.
  1402 | D:3      | Noticed an ice beast
  1496 | D:3      | 1496 ||| INVOKING Spit Poison.
  1499 | D:3      | Killed Ijyb
  1500 | D:3      | Reached skill level 3 in Fighting
  1515 | D:3      | Found a blossoming altar of Fedhas.
  1669 | D:3      | 1669 ||| INVOKING Spit Poison.
  1719 | D:3      | 1719 ||| UPGRADING to +2 leather armour of poison
                  | resistance.
  1729 | D:3      | 1729 ||| DROPPING +0 leather armour.
  1730 | D:3      | 1730 ||| READING scroll labelled RUHUNAO NUTSIC.
  1731 | D:3      | 1731 ||| READING 2 scrolls of identify.
  1731 | D:3      | 1731 ||| IDENTIFYING sedimented golden potion
  1765 | D:4      | 1765 ||| INVOKING Spit Poison.
  1768 | D:4      | Reached XP level 5. HP: 49/49 MP: 5/5
  1844 | D:4      | 1844 ||| INVOKING Spit Poison.
  1849 | D:4      | 1849 ||| INVOKING Spit Poison.
  1854 | D:4      | 1854 ||| INVOKING Spit Poison.
  1875 | D:4      | 1875 ||| INVOKING Spit Poison.
  1883 | D:4      | Noticed a phantom
  1897 | D:4      | Killed a phantom
  2060 | D:4      | 2060 ||| INVOKING Spit Poison.
  2131 | D:4      | Reached XP level 6. HP: 56/56 MP: 6/6
  2136 | D:4      | 2136 ||| INVOKING Spit Poison.
  2142 | D:4      | Reached skill level 6 in Ranged Weapons
  2142 | D:4      | 2142 ||| INVOKING Spit Poison.
  2146 | D:4      | 2146 ||| INVOKING Spit Poison.
  2150 | D:4      | 2150 ||| INVOKING Spit Poison.
  2153 | D:4      | 2153 ||| INVOKING Spit Poison.
  2153 | D:4      | HP: 14/56 [kobold brigand/+0 club (3)]
  2154 | D:4      | 2154 ||| READING scroll of teleportation.
  2155 | D:4      | 2155 ||| DRINKING potion of heal wounds.
  2315 | D:4      | 2315 ||| INVOKING Spit Poison.
  2320 | D:4      | Found a large runed translucent door.
  2320 | D:4      | Found a large runed translucent door.
  2375 | D:4      | 2375 ||| INVOKING Spit Poison.
  2379 | D:4      | 2379 ||| INVOKING Spit Poison.
  2571 | D:4      | 2571 ||| UPGRADING to amulet of reflection.
  2607 | D:5      | Entered Level 5 of the Dungeon
  2641 | D:5      | Noticed a water moccasin
  2660 | D:5      | Killed a water moccasin
  2661 | D:5      | Reached XP level 7. HP: 46/64 MP: 7/7
  2734 | D:5      | 2734 ||| Stepping ~*~*~tactically~*~*~ (outnumbered).
  2735 | D:5      | 2735 ||| INVOKING Spit Poison.
  2737 | D:5      | 2737 ||| Stepping ~*~*~tactically~*~*~ (outnumbered).
  2739 | D:5      | 2739 ||| INVOKING Spit Poison.
  2746 | D:5      | 2746 ||| INVOKING Spit Poison.
  2846 | D:5      | 2846 ||| INVOKING Spit Poison.
  2849 | D:5      | 2849 ||| INVOKING Spit Poison.
  2853 | D:5      | 2853 ||| INVOKING Spit Poison.
  2856 | D:5      | 2856 ||| INVOKING Spit Poison.
  2861 | D:5      | 2861 ||| INVOKING Spit Poison.
  3026 | D:5      | 3026 ||| INVOKING Spit Poison.
  3031 | D:5      | Reached skill level 7 in Ranged Weapons
  3032 | D:5      | 3032 ||| INVOKING Spit Poison.
  3036 | D:5      | 3036 ||| INVOKING Spit Poison.
  3040 | D:5      | 3040 ||| INVOKING Spit Poison.
  3041 | D:5      | HP: 16/64 [orc/+0 short sword (1)]
  3042 | D:5      | HP: 7/64 [orc warrior/+0 glaive (10)]
  3044 | D:5      | 3044 ||| INVOKING Spit Poison.
  3048 | D:5      | 3048 ||| INVOKING Spit Poison.
  3291 | D:5      | 3291 ||| INVOKING Spit Poison.
  3490 | D:5      | 3490 ||| READING scroll labelled RERREKOSOO.
  3491 | D:5      | 3491 ||| READING 3 scrolls labelled BOHUHI JYMMAOM.
  3492 | D:5      | 3492 ||| READING scroll labelled AXELUAR KIWKI.
  3493 | D:5      | 3493 ||| DRINKING 2 orange potions.
  3494 | D:5      | 3494 ||| READING 2 scrolls of identify.
  3494 | D:5      | 3494 ||| IDENTIFYING viscous emerald potion
  3495 | D:5      | 3495 ||| DROPPING potion of lignification.
  3496 | D:5      | 3496 ||| DROPPING potion of brilliance.
  3497 | D:5      | 3497 ||| DROPPING 2 scrolls of immolation.
  3505 | D:6      | 3505 ||| INVOKING Spit Poison.
  3508 | D:6      | 3508 ||| INVOKING Spit Poison.
  3513 | D:6      | Identified the +8 plate armour "Nudwu" {Int+3 Dex+4 Slay+3}
  3581 | D:6      | 3581 ||| INVOKING Spit Poison.
  3585 | D:6      | 3585 ||| INVOKING Spit Poison.
  3587 | D:6      | Reached XP level 8. HP: 72/72 MP: 8/8
  3643 | D:6      | 3643 ||| INVOKING Spit Poison.
  3650 | D:6      | 3650 ||| INVOKING Spit Poison.
  3652 | D:6      | Noticed Pikel
  3657 | D:6      | 3657 ||| INVOKING Spit Poison.
  3663 | D:6      | 3663 ||| INVOKING Spit Poison.
  3667 | D:6      | HP: 18/72 [Pikel/+0 whip of freezing (2)]
  3668 | D:6      | 3668 ||| READING scroll of teleportation.
  3670 | D:6      | 3670 ||| INVOKING Spit Poison.
  3670 | D:6      | HP: 6/72 [Pikel/+0 whip of freezing (7)]
  3672 | D:6      | 3672 ||| FLEEEEING.
  3673 | D:6      | 3673 ||| FLEEEEING.
  3678 | D:6      | 3678 ||| STAIRDANCE
  3878 | D:5      | 3878 ||| READING scroll labelled CUAWILO OD RIZ.
  3879 | D:5      | 3879 ||| READING scroll labelled DUURAH WIVYRCHI.
  3995 | D:6      | 3995 ||| FLEEEEING.
  3997 | D:6      | 3997 ||| FLEEEEING.
  3998 | D:6      | 3998 ||| FLEEEEING.
  4000 | D:6      | 4000 ||| STAIRDANCE
  4043 | D:6      | 4043 ||| FLEEEEING.
  4046 | D:6      | 4046 ||| STAIRDANCE
  4080 | D:6      | 4080 ||| FLEEEEING.
  4081 | D:6      | 4081 ||| FLEEEEING.
  4083 | D:6      | 4083 ||| STAIRDANCE
  4126 | D:6      | 4126 ||| FLEEEEING.
  4129 | D:6      | 4129 ||| STAIRDANCE
  4187 | D:6      | 4187 ||| FLEEEEING.
  4230 | D:6      | 4230 ||| INVOKING Spit Poison.
  4235 | D:6      | 4235 ||| INVOKING Spit Poison.
  4241 | D:6      | 4241 ||| INVOKING Spit Poison.
  4245 | D:6      | 4245 ||| INVOKING Spit Poison.
  4246 | D:6      | Reached skill level 8 in Ranged Weapons
  4310 | D:6      | 4310 ||| INVOKING Spit Poison.
  4393 | D:6      | 4393 ||| INVOKING Spit Poison.
  4526 | D:6      | 4526 ||| INVOKING Spit Poison.
  4529 | D:6      | 4529 ||| INVOKING Spit Poison.
  4535 | D:6      | 4535 ||| INVOKING Spit Poison.
  4539 | D:6      | 4539 ||| INVOKING Spit Poison.
  4544 | D:6      | HP: 11/74 [lemure[Pikel] (8)]
  4545 | D:6      | 4545 ||| INVOKING Spit Poison.
  4548 | D:6      | 4548 ||| INVOKING Spit Poison.
  4550 | D:6      | HP: 6/74 [Pikel/+0 whip of freezing (1)]
  4551 | D:6      | 4551 ||| INVOKING Spit Poison.
  4554 | D:6      | Killed Pikel
  4554 | D:6      | Killed from afar by an electric eel

Levels and vault maps discovered:
D:1:      reono_arrival_mine, layout_basic, serial_forest,
          infiniplex_forest_clump_small, infiniplex_forest_clump_double,
          infiniplex_forest_end_double, infiniplex_forest_straight_2,
          infiniplex_forest_corner_1, infiniplex_forest_corner_1,
          infiniplex_forest_clump_small, infiniplex_forest_end_double,
          chequers_serial_rivers_micro_e
D:2:      layout_loops_ring, basic_altar, kennysheep_generic_room_10
D:3:      layout_rooms, nicolae_overflow_crystal_walls,
          hellmonk_ecumenical_altar_lost_god, lightli_corner_chamber, uniq_ijyb
D:4:      layout_rooms, jmf_multi_god_temple2
D:5:      layout_rooms, nicolae_letterblocks [nicolae_letter_subblock,
          nicolae_letter_subblock, nicolae_letter_subblock,
          nicolae_letter_subblock, nicolae_letter_subblock,
          nicolae_letter_subblock, nicolae_letter_subblock,
          nicolae_letter_subblock, nicolae_letter_subblock,
          nicolae_letter_subblock, nicolae_letter_subblock,
          nicolae_letter_subblock, nicolae_letter_subblock,
          nicolae_letter_subblock, nicolae_letter_subblock,
          nicolae_letter_subblock, nicolae_letter_subblock,
          nicolae_letter_subblock, nicolae_letter_subblock,
          nicolae_letter_subblock, nicolae_letter_subblock,
          nicolae_letter_subblock, nicolae_letter_subblock,
          nicolae_letter_subblock, nicolae_letter_subblock]
D:6:      layout_basic, water_maze_lemuel, uniq_pikel

Skill      XL: |  1  2  3  4  5  6  7  8 |
---------------+-------------------------+-----
Ranged Weapons | 4 5 6 7 8 |  8.0
Fighting       | 3 4 5 |  5.1
Dodging        | 2 |  2.7
Stealth        | |  1.5

Action                     |  1- 3 |  4- 6 |  7- 9 || total
---------------------------+-------+-------+-------++-------
   Fire: Shortbow          |    43 |   114 |   139 ||   296
Ability: Spit Poison       |    16 |    24 |    37 ||    77
    Use: Scroll            |     8 |     4 |     7 ||    19
         Potion            |     1 |     2 |     1 ||     4
 Armour: Leather armour    |     3 |    24 |    22 ||    49
  Dodge: Dodged            |       |    32 |    64 ||    96
  Block: Other             |       |     5 |    27 ||    32

Table legend:
 A = Non-vault XP
 B = Vault XP
 C = Vault XP percentage of total XP
 D = Non-vault monster count
 E = Vault monster count
 F = Vault count percentage of total count
                 A         B        C        D         E       F
            +---------+---------+-------+---------+---------+-------
      Total |    1546 |     710 |  31.5 |      81 |       3 |   3.6
            +---------+---------+-------+---------+---------+-------
        D:1 |      29 |       0 |   0.0 |      18 |       0 |   0.0
        D:2 |      13 |       2 |  13.3 |       7 |       1 |  12.5
        D:3 |      85 |      35 |  29.2 |      13 |       1 |   7.1
        D:4 |     339 |       0 |   0.0 |      17 |       0 |   0.0
        D:5 |     502 |       0 |   0.0 |      14 |       0 |   0.0
        D:6 |     578 |     673 |  53.8 |      12 |       1 |   7.7
            +---------+---------+-------+---------+---------+-------
